 Dungeon Crawl Stone Soup version 0.27.1-3-gb3d3a73c9e (webtiles) character file.

Game seed: 6687792798777496225

1409 pkoi the Grappler (level 8, -18/74 HPs)
             Began as a Troll Monk on Oct 12, 2021.
             Was an Elder of Dithmenos.
             Demolished by a two-headed ogre (36 damage)
             ... on level 6 of the Dungeon.
             The game lasted 00:07:31 (4258 turns).

pkoi the Grappler (Troll Monk)                      Turns: 4258, Time: 00:07:31

Health: -18/74     AC:  5    Str: 22    XL:     8   Next: 42%
Magic:  7/7        EV: 10    Int:  6    God:    Dithmenos [****..]
Gold:   246        SH:  0    Dex: 12    Spells: 7/7 levels left

rFire    . . .     SeeInvis .     - Unarmed
rCold    . . .     Faith    .   (no shield)
rNeg     . . .     Spirit   .   a - +0 robe
rPois    .         Reflect  .   (helmet restricted)
rElec    .         Harm     .   h - +0 cloak {rCorr}
rCorr    +         Rampage  .   (gloves unavailable)
Will     .....                  (boots unavailable)
Stlth    ++........             j - amulet of regeneration
HPRegen  2.22/turn              (no ring)
MPRegen  0.10/turn              (no ring)

@: wreathed by umbra
A: large, unfitting armour, claws 3, regeneration 1, shaggy fur 1, tough skin 1
a: Renounce Religion, Shadow Step


You were on level 6 of the Dungeon.
You worshipped Dithmenos.
Dithmenos was greatly pleased with you.
You visited 2 branches of the dungeon, and saw 7 of its levels.
You also visited: Sewer.

You collected 246 gold pieces.

Inventory:

Hand Weapons
 o - the +9 dagger of Zirap {venom, +Blink Str-4 Dex+3}
   (You found it on level 5 of the Dungeon)

   It poisons the flesh of those it strikes.
   Str:       It affects your strength (-4).
   Dex:       It affects your dexterity (+3).
   +Blink:    It lets you blink.
Missiles
 n - 3 throwing nets (quivered)
 p - 8 javelins
 q - 2 poisoned darts
Armour
 a - a +0 robe (worn)
 h - a +0 cloak of preservation (worn)
Jewellery
 j - an amulet of regeneration (around neck)
 l - a ring of fire
Scrolls
 c - 5 scrolls of amnesia
 e - a scroll of fog
 r - a scroll of teleportation
Potions
 b - a potion of brilliance
 d - a potion of might
 f - a potion of invisibility
 g - 6 potions of curing {unknown}
 i - a potion of lignification
 k - 2 potions of heal wounds {unknown}
 m - 2 potions of flight {unknown}


   Skills:
 - Level 2.4 Fighting
 + Level 3.1 Dodging
 + Level 1.5 Stealth
 * Level 10.3 Unarmed Combat


You had 7 spell levels left.
You didn't know any spells.
Your spell library contained the following spells:

 Spells                   Type           Power      Damage    Failure   Level
 Corona                   Hex            0%         N/A       45%         1
 Magic Dart               Conj           0%         1d3       45%         1
 Call Imp                 Summ           0%         N/A       58%         2
 Ensorcelled Hibernation  Hex/Ice        0%         N/A       58%         2
 Mephitic Cloud           Conj/Pois/Air  0%         N/A       83%         3
 Tukima's Dance           Hex            0%         N/A       83%         3


Dungeon Overview and Level Annotations

Branches:
Dungeon (6/15)             Temple (1/1) D:4           Sewer (visited)

Altars:
Ashenzari
Dithmenos
Elyvilon
Gozag
Hepliaklqana
Kikubaaqudgha
Makhleb
Okawaru
Qazlal
Sif Muna
Uskayaw
Vehumet
Wu Jian
Xom
Yredelemnul
Zin
The Shining One

Shops:
D:4 =


Innate Abilities, Weirdness & Mutations

You are too large for most types of armour.
You have claws for hands.
Your natural rate of healing is unusually fast.
You are covered in fur. (AC +1)
You have tough skin. (AC +1)


Message History

You scratch the orc wizard.
The orc wizard is almost dead.
The orc wizard closely misses you.
You mangle the orc wizard!!
You kill the orc wizard!
Dithmenos accepts your kill.
You scratch the orc.
The orc is severely wounded.
The orc barely misses you.
You scratch the orc but do no damage.
The orc is severely wounded.
The orc hits you with a +0 whip.
You scratch the orc.
You kill the orc!
Dithmenos accepts your kill.
You barely miss the two-headed ogre. The two-headed ogre misses you.
The two-headed ogre hits you with a +0 giant spiked club!
You scratch the two-headed ogre but do no damage.
You scratch the two-headed ogre but do no damage.
The two-headed ogre barely misses you.
The two-headed ogre hits you with a +0 giant spiked club!!
You are too injured to fight recklessly!
You are too injured to fight recklessly!
You are too injured to fight recklessly!
You are too injured to fight recklessly!
You are too injured to fight recklessly!
You are too injured to fight recklessly!
You are too injured to fight recklessly!
You mangle the two-headed ogre!! Your claw misses the two-headed ogre.
The two-headed ogre is moderately wounded.
The two-headed ogre hits you with a +0 giant spiked club!!
* * * LOW HITPOINT WARNING * * *
The two-headed ogre hits you with a +0 giant spiked club!
* * * LOW HITPOINT WARNING * * *
You scratch the two-headed ogre but do no damage.
The two-headed ogre is moderately wounded.
You claw the two-headed ogre!
The two-headed ogre is heavily wounded.
The two-headed ogre hits you with a +0 giant spiked club!!!
You die...

##########
........l##############
........ZO@...........##
........o#####......(..#
.........# #.........# .........#
#..........### #.####.........#
##............
#...........O..######.#######.###
.................................
...#...#.......####.#.......##.##
...≈≈≈≈≈..........#.(..........#


You could see a two-headed ogre, an iguana, an orc and a bullfrog zombie.

Vanquished Creatures
  Sigmund (D:2)
  2 centaurs (D:6)
  2 bullfrogs (Sewer)
  A scorpion (D:6)
  A water moccasin zombie (D:5)
  A wyvern skeleton (D:6)
  A howler monkey (D:6)
  A jelly (D:4)
  2 hounds (D:5)
  An orc priest (D:5)
  A bullfrog skeleton (D:4)
  2 centaur skeletons
  Jessica (D:2)
  2 iguanas
  3 orc wizards
  A scorpion zombie (D:5)
  A hound skeleton (D:4)
  11 gnolls
  A howler monkey skeleton (D:5)
  8 adders
  A white imp (D:5)
  3 worms
  5 dart slugs
  16 orcs
  25 ball pythons
  19 endoplasms
  15 giant cockroaches
  7 goblins
  7 hobgoblins
  7 jackals
  11 quokkas
  3 bats (D:3)
  9 frilled lizards (Sewer)
  8 kobolds
  5 rats
185 creatures vanquished.

Notes
Turn   | Place    | Note
-------+----------+-------------------------------------------
     0 | D:1      | pkoi the Troll Monk began the quest for the Orb.
     0 | D:1      | Reached XP level 1. HP: 22/22 MP: 0/0
    74 | D:1      | Reached XP level 2. HP: 29/29 MP: 1/1
   147 | D:1      | Reached skill level 4 in Unarmed Combat
   147 | D:1      | Reached XP level 3. HP: 32/36 MP: 2/2
   212 | D:1      | Found a faded altar of an unknown god.
   617 | D:1      | Reached XP level 4. HP: 41/44 MP: 3/3
   662 | D:2      | Reached skill level 5 in Unarmed Combat
   708 | D:2      | Identified a scroll of acquirement
   708 | D:2      | Acquired a +0 cloak of preservation
   726 | D:2      | Noticed Jessica
   730 | D:2      | Killed Jessica
   962 | D:2      | Noticed Sigmund
   971 | D:2      | Killed Sigmund
   972 | D:2      | Reached skill level 6 in Unarmed Combat
   972 | D:2      | Reached XP level 5. HP: 48/50 MP: 4/4
   972 | D:2      | Reached XP level 6. HP: 57/59 MP: 5/5
  1546 | D:3      | Reached skill level 7 in Unarmed Combat
  2222 | D:4      | Found a staircase to the Ecumenical Temple.
  2254 | Temple   | Entered the Ecumenical Temple
  2410 | Temple   | Became a worshipper of Dithmenos the Shadowed
  2410 | Temple   | Reached * piety under Dithmenos
  2410 | Temple   | Reached ** piety under Dithmenos
  2719 | D:4      | Found Xiaph's Jewellery Shop.
  2725 | D:4      | Reached skill level 8 in Unarmed Combat
  2725 | D:4      | Reached XP level 7. HP: 66/66 MP: 6/6
  2848 | D:5      | Entered Level 5 of the Dungeon
  2953 | D:5      | Identified the +9 dagger of Zirap {venom, +Blink Str-4
                  | Dex+3}
  3693 | D:6      | Found a glowing drain.
  3701 | D:6      | Reached skill level 9 in Unarmed Combat
  3710 | Sewer    | Entered a sewer
  3809 | Sewer    | Reached *** piety under Dithmenos
  3951 | Sewer    | Reached **** piety under Dithmenos
  3952 | Sewer    | Reached XP level 8. HP: 74/74 MP: 7/7
  4051 | D:6      | Noticed a two-headed ogre
  4057 | D:6      | Reached skill level 10 in Unarmed Combat
  4100 | D:6      | Noticed a +0 short sword
  4117 | D:6      | Noticed a +0 short sword
  4118 | D:6      | Noticed a +0 dagger
  4118 | D:6      | Noticed a +0 spear
  4119 | D:6      | Noticed a +0 falchion
  4120 | D:6      | Noticed a +0 dagger
  4121 | D:6      | Noticed a +0 spear
  4121 | D:6      | Noticed a +0 falchion
  4124 | D:6      | Found a hide-covered altar of Uskayaw.
  4258 | D:6      | Demolished by a two-headed ogre

Illustrated notes

Levels and vault maps discovered:
D:1:      shiori_arrival_oz, layout_basic, dreamdust_ecumenical_altar_statues,
          minivault_14
D:2:      layout_loops_corners, uniq_sigmund, uniq_jessica
D:3:      layout_basic
D:4:      layout_cave_pods, minmay_temple_entry_grid, serial_shops, shop
D:5:      layout_basic, st_stairs_12
D:6:      layout_basic, nicolae_uskayaw_en_pointe, cheibrodos_sewer_entry_drain,
          minivault_5
Temple:   regret_index_temple_sphere_string

Skill      XL: |  1  2  3  4  5  6  7  8 |
---------------+-------------------------+-----
Unarmed Combat | 4 6 8 9 10 | 10.3
Dodging        | 3 |  3.1
Fighting       | |  2.4
Stealth        | |  1.5

Action                   |  1- 3 |  4- 6 |  7- 9 || total
-------------------------+-------+-------+-------++-------
Melee: Unarmed           |    83 |   124 |   225 ||   432
       Punch             |     3 |     6 |     6 ||    15
  Use: Scroll            |       |     7 |     7 ||    14
 Stab: Sleeping          |       |     3 |     5 ||     8
Armor: Robe              |    20 |    22 |    67 ||   109
Dodge: Dodged            |    43 |    53 |   129 ||   225
